 Dungeon Crawl Stone Soup version 0.17.1-3-g152610e (webtiles) character file.

1555 Goblin1989 the Archer (level 8, 0/61 HPs)
             Began as a Centaur Hunter on Mar 12, 2016.
             Shot with an arrow of flame by a centaur (4 damage)
             ... on level 5 of the Dungeon.
             The game lasted 00:23:16 (6056 turns).

Goblin1989 the Archer (Centaur Hunter)              Turns: 6056, Time: 00:23:16

Health: 0/61       AC:  7    Str: 14    XL:     8   Next: 58%
Magic:  8/8        EV:  9    Int: 10    God:
Gold:   236        SH:  0    Dex: 13    Spells: 0 memorised, 7 levels left

rFire  . . .     SeeInvis .     b - +1 spear (freeze)
rCold  . . .     Clarity  .     w - +1 leather armour {MR+}
rNeg   . . .     SustAt   .     (no shield)
rPois  .         Gourm    .     u - +0 helmet
rElec  .         Spirit   .     (no cloak)
rCorr  .         Warding  .     (no gloves)
rMut   .         Stasis   .     (no barding)
MR     +....                    (no amulet)
Stlth  +.........               (no ring)
                                (no ring)

@: very quick, somewhat resistant to hostile enchantments, very unstealthy
A: hooves 3, deformed body, speed 2, tough skin 3
a: no special abilities


You were on level 5 of the Dungeon.
You were not hungry.

You visited 1 branch of the dungeon, and saw 5 of its levels.

You collected 236 gold pieces.

Inventory:

Hand Weapons
 a - a +1 shortbow
 b - a +1 spear of freezing (weapon)
 r - a +0 spear of venom
Missiles
 d - 48 arrows (quivered)
 l - 7 arrows of dispersal
 F - 2 throwing nets
 H - 12 arrows of frost
Armour
 g - a +0 ring mail
 u - a +0 helmet (worn)
 w - a +1 leather armour of magic resistance (worn)
Jewellery
 t - an uncursed ring of see invisible {unknown}
Wands
 G - a wand of polymorph (0)
Scrolls
 i - 2 scrolls of enchant weapon {unknown}
 k - 2 scrolls of noise {unknown}
 n - 3 scrolls of teleportation {unknown}
 p - a scroll of fear {unknown}
 q - 2 scrolls of blinking {unknown}
 s - 2 scrolls of identify {unknown}
 v - a scroll of enchant armour {unknown}
 y - 3 scrolls of remove curse {unknown}
 C - a scroll of recharging {unknown}
 D - a scroll of immolation {unknown}
 E - a scroll of fog {unknown}
Potions
 c - a potion of lignification
 f - a potion of ambrosia
 m - a potion of agility {unknown}
 o - a potion of haste {unknown}
 x - a potion of degeneration {unknown}
 A - 2 potions of might {unknown}
Comestibles
 e - 3 bread rations
 z - 3 beef jerkies
 B - 2 meat rations


   Skills:
 - Level 2.0 Fighting
 * Level 6.2 Polearms
 + Level 8.1 Bows
 * Level 5.0 Armour
 - Level 1.3 Dodging
 - Level 0.5 Stealth


You had 7 spell levels left.
You didn't know any spells.

Dungeon Overview and Level Annotations

Branches:
Dungeon (5/15)
 Temple: D:4-7

Altars:
Kikubaaqudgha
Ru
Sif Muna
Trog
The Shining One


Innate Abilities, Weirdness & Mutations

You have hooves in place of feet.
Armour fits poorly on your strangely shaped body.
You cover ground very quickly.
You have extremely tough skin (AC +3).


Message History

The centaur shoots an arrow of flame.
The arrow of flame hits you. The arrow of flame burns you.
Firing (i - inventory. (,) - cycle):
d - 49 arrows (quivered)
Press: ? - help, Shift-Dir - straight line, f/p - centaur
Aim: a centaur, wielding a shortbow (moderately wounded)
You shoot an arrow.
The arrow hits the centaur but does no damage.
The centaur is moderately wounded.
The centaur shoots an arrow of flame.
The arrow of flame hits you!
* * * LOW HITPOINT WARNING * * *
The arrow of flame burns you.
* * * LOW HITPOINT WARNING * * *
Drink which item? (? for menu, Esc to quit)
It was a potion of curing.
You feel better.
It glows with a cold blue light!
b - a +1 spear of freezing (weapon)
The centaur shoots an arrow of flame.
The arrow of flame hits you!
* * * LOW HITPOINT WARNING * * *
The arrow of flame burns you.
You die...

##### #########...#########
...........#.#..@....#########
...........#.#c#####.........#
...........#.#.# #.........#
.....(.....#.#.# #.........#
...........#.#c# #.........####
....[......#.#.( #.............
...........#.#######.######......
..........>#.........# #......
...........########### #......


You could see a centaur.

Vanquished Creatures
  Pikel (D:5)
  The ghost of kaze the Skirmisher, an amateur GrBe of Trog (D:4)
  A hog (D:5)
  3 ogres
  A scorpion (D:4)
  2 hounds
  An orc priest (D:5)
  A centaur skeleton (D:4)
  5 worker ants
  Robin (D:2)
  4 gnolls (D:5)
  7 adders
  4 oozes
  2 worms (D:3)
  3 giant geckos
  14 orcs
  A ball python (D:3)
  4 giant cockroaches
  15 goblins
  12 hobgoblins
  7 jackals
  A quokka (D:4)
  6 bats
  7 giant newts
  A jackal skeleton (D:4)
  12 kobolds
  5 rats
122 creatures vanquished.

Notes
Turn   | Place    | Note
--------------------------------------------------------------
     0 | D:1      | Goblin1989 the Centaur Hunter began the quest for the Orb.
     0 | D:1      | Reached XP level 1. HP: 17/17 MP: 1/1
   199 | D:1      | Reached skill level 1 in Polearms
   202 | D:1      | Reached XP level 2. HP: 18/24 MP: 2/2
   293 | D:1      | Reached skill level 1 in Armour
   385 | D:1      | Reached XP level 3. HP: 29/29 MP: 3/3
  1400 | D:2      | Found a deep blue altar of Sif Muna.
  1745 | D:2      | Noticed Robin
  1762 | D:2      | Reached XP level 4. HP: 36/36 MP: 4/4
  1779 | D:2      | Killed Robin
  1996 | D:3      | Reached skill level 6 in Bows
  2024 | D:3      | Found an ancient bone altar of Kikubaaqudgha.
  2263 | D:3      | Reached XP level 5. HP: 41/41 MP: 5/5
  2349 | D:3      | Found a sacrificial altar of Ru.
  2475 | D:3      | Found a faded altar to an unknown god.
  3244 | D:4      | Noticed kaze's ghost (amateur GrBe)
  3245 | D:4      | Noticed an ogre
  3280 | D:3      | Killed an ogre
  3280 | D:3      | Reached XP level 6. HP: 48/48 MP: 6/6
  3531 | D:4      | Killed kaze's ghost
  3544 | D:4      | Reached XP level 7. HP: 55/55 MP: 7/7
  3692 | D:4      | Noticed an ogre
  3710 | D:4      | Killed an ogre
  3710 | D:4      | Reached skill level 7 in Bows
  4067 | D:4      | Found a bloodstained altar of Trog.
  4836 | D:5      | Entered Level 5 of the Dungeon
  4912 | D:5      | Reached skill level 5 in Polearms
  5408 | D:5      | Found a glowing golden altar of the Shining One.
  5408 | D:5      | Noticed Pikel
  5521 | D:5      | Killed Pikel
  5521 | D:5      | Reached XP level 8. HP: 53/61 MP: 8/8
  5773 | D:5      | Reached skill level 8 in Bows
  5773 | D:5      | Reached skill level 5 in Armour
  6056 | D:5      | Shot with an arrow of flame by a centaur

Action                   |  1- 3 |  4- 6 |  7- 9 || total
-------------------------+-------+-------+-------++-------
Melee: Spear             |   101 |   127 |   107 ||   335
 Fire: Shortbow          |     1 |    91 |    78 ||   170
Evoke: Wand              |       |       |     2 ||     2
  Use: Potion            |     1 |       |     3 ||     4
 Stab: Invisible         |       |       |     2 ||     2
  Eat: Chunk             |     1 |     4 |     4 ||     9
       Pizza             |       |       |     1 ||     1
       Meat ration       |       |       |     1 ||     1
